 Dungeon Crawl Stone Soup version 0.24.1-8-ga250c9d538 (webtiles) character file.

Game seed: 9595672641406520746, levelgen mode: deterministic

29 Peloso the Skirmisher (level 3, 27/29 HPs)
             Began as a Demonspawn Fighter on May 8, 2020.
             Got out of the dungeon alive.
             The game lasted 00:02:04 (1142 turns).

Peloso the Skirmisher (Demonspawn Fighter)          Turns: 1142, Time: 00:02:05

Health: 27/29      AC:  6    Str: 17    XL:     3   Next: 1%
Magic:  3/3        EV:  7    Int:  9    God:
Gold:   115        SH:  9    Dex: 12    Spells: 2/2 levels left

rFire    . . .     SeeInvis .   a - +0 long sword
rCold    . . .     Gourm    .   c - +0 shield
rNeg     . . .     Faith    .   b - +0 scale mail
rPois    .         Spirit   +   (helmet restricted)
rElec    .         Reflect  .   (no cloak)
rCorr    .         Harm     .   (no gloves)
MR       .....                  (no boots)
Stlth    ..........             (no amulet)
HPRegen  0.09/turn              (no ring)
MPRegen  0.08/turn              (no ring)

@: no status effects
A: horns 1, magic shield
a: no special abilities


You escaped.
You were hungry.

You visited 1 branch of the dungeon, and saw 2 of its levels.

You collected 115 gold pieces.

Inventory:

Hand Weapons
 a - a +0 long sword (weapon)
Armour
 b - a +0 scale mail (worn)
 c - a +0 shield (worn)
Wands
 k - a wand of paralysis (7)
Scrolls
 g - 3 scrolls of enchant armour {unknown}
 h - 2 scrolls of fear {unknown}
 i - a scroll of enchant weapon {unknown}
 j - a scroll of amnesia {unknown}
 p - a scroll of identify
Potions
 d - a potion of might
 e - a potion of flight {unknown}
 l - a potion of degeneration {unknown}
 m - a potion of heal wounds {unknown}
 n - a potion of ambrosia {unknown}
 o - 2 potions of curing {unknown}
Comestibles
 f - 5 rations


   Skills:
 + Level 3.2 Fighting
 + Level 2.2 Long Blades
 + Level 3.0 Armour
 + Level 0.3 Dodging
 + Level 2.9 Shields


You had 2 spell levels left.
You didn't know any spells.
Your spell library was empty.

Dungeon Overview and Level Annotations

Branches:
Dungeon (2/15)

Altars:


Innate Abilities, Weirdness & Mutations

You have a pair of small horns on your head.
When hurt, damage is shared between your health and your magic reserves.


Message History

(D) Dungeon
Where to? (Enter - D:12, ? - help)
What level of the Dungeon? (default 1, ? - help)
You now have 115 gold pieces (gained 9).
h - 2 scrolls labeled UDIXIO WIGHUSO (gained 1)
Things that are here:
a +0 club; a goblin corpse
There is an open door here.
You see here a +0 dagger.
There is an open door here.
There is a stone staircase leading up here.
You climb upwards.
There is a stone staircase leading down here.
There is an open door here.
You enter the shallow water.
Moving in this stuff is going to be slow.
There is an open door here.
There is a staircase leading out of the dungeon here.
Are you sure you want to leave the Dungeon?
This will make you lose the game!
You have escaped!

........# #####.##### #..###..
...(....####.........######.# #..
......###...#########...###.# #.)
......##.####≈≈≈≈≈≈≈####.##.###..
...####.## #≈≈...≈≈# ##.#..##..
...# ##.# #.......# #.##.##).
...# #.#########'#########.#.##..
...# #.#..#...........#..#.#.##..
...# #.'..+.....@.....+..'.#..#..
...# #.#..#...........#..#.##.#.#
...# #.#########'#########.##...#
...# ##.# #.......# #.####...
...# #.## #≈≈...≈≈# ##.# #....
..### ##.####≈≈≈≈≈≈≈####.## #..>.
....# ##...####'####...## #....
....# ####.........#### ###....
....# #####.##### #......


There were no monsters in sight!

Vanquished Creatures
  4 bats
  A giant cockroach (D:1)
  4 goblins
  6 hobgoblins
  4 jackals (D:2)
  5 kobolds
  A rat (D:2)
25 creatures vanquished.

Notes
Turn   | Place    | Note
-------+----------+-------------------------------------------
     0 | D:1      | Peloso the Demonspawn Fighter began the quest for the Orb.
     0 | D:1      | Reached XP level 1. HP: 18/18 MP: 1/1
   202 | D:1      | Gained mutation: When hurt, damage is shared between your
                  | health and your magic reserves. [demonic ancestry]
   202 | D:1      | Reached XP level 2. HP: 24/24 MP: 2/2
  1084 | D:2      | Gained mutation: You have a pair of small horns on your
                  | head. [demonic ancestry]
  1084 | D:2      | Reached XP level 3. HP: 22/29 MP: 3/3
  1142 | D:$      | Got out of the dungeon alive.

Levels and vault maps discovered:
D:1:      dpeg_arrival_yet_another_circle, layout_basic
D:2:      layout_basic

Skill      XL: |  1  2 |
---------------+-------+-----
Armour         | 3 |  3.0
Long Blades    | 2 |  2.2
Fighting       | |  3.2
Dodging        | |  0.3
Shields        | |  2.9

Action                   || total
-------------------------++-------
Melee: Long sword        ||    55
  Use: Potion            ||     3
       Scroll            ||     2
Armor: Scale mail        ||    25
Dodge: Dodged            ||    25
Block: Shield            ||    49
       Rpst.: Long sword ||    15
